 Dungeon Crawl Stone Soup version 0.29.0-4-gdea44cf6ec (webtiles) character file.

Game seed: 17622727392544231870

16 qw the Chopper (level 2, 0/17 HPs)
             Began as a Tengu Warper on Aug 28, 2022.
             Slain by a rat (2 damage)
             ... on level 1 of the Dungeon.
             The game lasted 00:00:02 (247 turns).

qw the Chopper (Tengu Warper)                        Turns: 247, Time: 00:00:02

Health: 0/17       AC:  3    Str: 11    XL:     2   Next: 58%
Magic:  6/6        EV: 11    Int: 13    God:
Gold:   19         SH:  0    Dex: 13    Spells: 5/5 levels left

rFire   . . .      SeeInvis .   a - +0 hand axe
rCold   . . .      Faith    .   (no shield)
rNeg    . . .      Spirit   .   b - +0 leather armour
rPois   .          Reflect  .   (helmet restricted)
rElec   .          Harm     .   (no cloak)
rCorr   .          Rampage  .   (no gloves)
Will    .....                   (boots unavailable)
Stlth   +.........              (no amulet)
HPRegen 0.05/turn               (no ring)
MPRegen 0.10/turn               (no ring)

@: no status effects
A: beak, talons 3
a: no special abilities


You were on level 1 of the Dungeon.
You visited 1 branch of the dungeon, and saw 1 of its levels.

You collected 19 gold pieces.


Innate Abilities, Weirdness & Mutations

You have a beak for a mouth.
You have claws for feet.


   Skills:
 - Level 2.0 Fighting
 + Level 3.4 Axes
 - Level 1.0 Throwing
 - Level 1.1 Armour
 - Level 2.1 Dodging
 - Level 2.0 Spellcasting
 - Level 2.4 Translocations


You had 5 spell levels left.
You didn't know any spells.
Your spell library contained the following spells:

 Spells                   Type           Power      Damage    Failure   Level
 Blink                    Tloc           14%        N/A       19%         2
 Gell's Gravitas          Tloc           7%         N/A       36%         3
 Lesser Beckoning         Tloc           7%         N/A       36%         3
 Teleport Other           Tloc           7%         N/A       36%         3
 Manifold Assault         Tloc           7%         N/A       98%         5

Inventory:

Hand Weapons
 a - a +0 hand axe (weapon)
 g - a +0 whip
Armour
 b - a +0 leather armour (worn)
 d - a +0 scale mail
Scrolls
 c - a scroll of blinking
 f - a scroll of identify {unknown}
Potions
 e - a potion of degeneration {unknown}

Dungeon Overview and Level Annotations

Branches:
Dungeon (1/15)

Altars:


Message History

The ball python bites you but does no damage.
The ball python grabs you. The ball python constricts you.
The hobgoblin barely misses you.
You closely miss the ball python. You completely miss the hobgoblin.
The ball python bites you. The ball python constricts you.
The hobgoblin hits you but does no damage.
The ball python bites you. The ball python constricts you.
You barely miss the ball python.
You claw the ball python, but do no damage.
You closely miss the hobgoblin. The ball python bites you.
The ball python constricts you. The hobgoblin completely misses you.
You barely miss the ball python. You peck the ball python.
The ball python is moderately wounded.
You hit the hobgoblin but do no damage. The ball python barely misses you.
The ball python constricts you. The hobgoblin barely misses you.
The ball python bites you. The ball python constricts you.
You completely miss the ball python. Your peck misses the ball python.
The ball python is moderately wounded.
You hit the hobgoblin.
You kill the hobgoblin!
The ball python bites you but does no damage.
The ball python constricts you.
You closely miss the ball python. Your kick misses the ball python.
The ball python is moderately wounded.
You closely miss the rat. The rat bites you but does no damage.
The ball python bites you but does no damage.
The ball python constricts you.
You hit the ball python.
You kill the ball python!
You barely miss the rat. The rat closely misses you.
The giant cockroach closely misses you. The rat barely misses you.
You barely miss the giant cockroach.
You peck the giant cockroach, but do no damage.
You hit the rat but do no damage. The giant cockroach barely misses you.
The rat bites you.
You die...

# ## #. ###### #.
####....##########.
#r@..##............
#....rB################.
....... #. ....... #.
....... ## ....... #
....... # ....... #
#####


You could see a giant cockroach and 2 rats.

Vanquished Creatures
  A dart slug (D:1)
  A ball python (D:1)
  A bat (D:1)
  3 endoplasms (D:1)
  2 giant cockroaches (D:1)
  2 hobgoblins (D:1)
  A quokka (D:1)
11 creatures vanquished.

Notes
Turn   | Place    | Note
-------+----------+-------------------------------------------
     0 | D:1      | qw the Tengu Warper began the quest for the Orb.
     0 | D:1      | Reached XP level 1. HP: 12/12 MP: 4/4
     0 | D:1      | 0 ||| qw: Version: 0.1-a-89-g26bdef1
     0 | D:1      | 0 ||| qw: Game counter: 1839
     0 | D:1      | 0 ||| qw: Always use a shield: true
     0 | D:1      | 0 ||| qw: God list: Okawaru
     0 | D:1      | 0 ||| qw: Allow faded altars: false
     0 | D:1      | 0 ||| qw: Do Orc after D:15 true
     0 | D:1      | 0 ||| qw: Do second Lair branch before Depths: true
     0 | D:1      | 0 ||| qw: Lair rune preference: random
     0 | D:1      | 0 ||| qw: Plans: Normal
     0 | D:1      | 0 ||| PLANNING D:1-11
    59 | D:1      | Reached XP level 2. HP: 14/17 MP: 6/6
   143 | D:1      | Reached skill level 3 in Axes
   243 | D:1      | HP: 4/17 [ball python (2)]
   247 | D:1      | Slain by a rat

Levels and vault maps discovered:
D:1:      roderic_octagonal_star, layout_rooms

Skill      XL: |  1  2 |
---------------+-------+-----
Axes           | 3 |  3.4
Fighting       | |  2.0
Throwing       | |  1.0
Armour         | |  1.1
Dodging        | |  2.1
Spellcasting   | |  2.0
Translocations | |  2.4

Action                   || total
-------------------------++-------
Melee: Hand axe          ||    22
       Peck              ||     5
       Kick              ||     5
Throw: Boomerang         ||     7
Armor: Leather armour    ||     7
Dodge: Dodged            ||    17

Table legend:
 A = Non-vault XP
 B = Vault XP
 C = Vault XP percentage of total XP
 D = Non-vault monster count
 E = Vault monster count
 F = Vault count percentage of total count
                 A         B        C        D         E       F
            +---------+---------+-------+---------+---------+-------
      Total |      24 |       0 |   0.0 |      11 |       0 |   0.0
            +---------+---------+-------+---------+---------+-------
        D:1 |      24 |       0 |   0.0 |      11 |       0 |   0.0
            +---------+---------+-------+---------+---------+-------
